 Dungeon Sprint DCSS version 0.29-a0-1027-gcd8c55af63 (webtiles) character file.

Game seed: 11576370514784365359

7288 mhtbhm the Imperceptible (level 10, 0/53 HPs)
             Began as a Spriggan Brigand on Aug 13, 2022.
             Was the Champion of Dithmenos.
             Slain by an orc priest
             ... wielding a +0 mace
              (3 damage)
             ... in the Dungeon (Sprint III: "The Ten Rune Challenge").
             The game lasted 00:05:25 (1509 turns).

mhtbhm the Imperceptible (Spriggan Brigand)         Turns: 1509, Time: 00:05:25

Health: 0/53       AC:  3    Str:  7    XL:     10   Next: 89%
Magic:  17/19      EV: 19    Int: 13    God:    Dithmenos [******]
Gold:   1250       SH:  0    Dex: 21    Spells: 9/9 levels left

rFire   . . .      SeeInvis +   a - +2 dagger
rCold   . . .      Faith    .   (no shield)
rNeg    . . .      Spirit   .   b - +0 robe
rPois   .          Reflect  .   (helmet restricted)
rElec   .          Harm     .   c - +0 cloak
rCorr   .          Rampage  .   (gloves unavailable)
Will    ++...      NoTele   +   (boots unavailable)
Stlth   ++++......              (no amulet)
HPRegen 0.17/turn               (no ring)
MPRegen 0.16/turn               (no ring)

@: on fire, hasted, glowing, very quick
A: very small, no large weapons, unfitting armour, see invisible, speed 3,
talons 1, strong-willed 1, mutation resistance 1
a: Renounce Religion, Shadow Step, Shadow Form


You were in the Dungeon.
You worshipped Dithmenos.
Dithmenos was exalted by your worship.
You visited 1 branch You collected 1250 gold pieces.

Inventory:

Hand Weapons
 a - a +2 dagger (weapon)
Missiles
 d - 9 poisoned darts
 e - 7 curare-tipped darts (quivered)
Armour
 b - a +0 robe (worn)
 c - a +0 cloak (worn)
Wands
 j - a wand of polymorph (9)
Scrolls
 k - a scroll of blinking
Potions
 f - a potion of curing
 i - 2 potions of magic
 m - 4 potions of flight
 p - 5 potions of mutation
 r - a potion of resistance {unknown}
Miscellaneous
 q - a phial of floods (inert)


   Skills:
 + Level 6.3 Fighting
 + Level 11.4 Short Blades
 + Level 10.1 Throwing
 + Level 4.1 Dodging
 + Level 26.5 Stealth
 * Level 10.9 Invocations
 + Level 4.1 Evocations


You had 9 spell levels left.
You didn't know any spells.
Your spell library contained the following spells:

 Spells                   Type           Power      Damage    Failure   Level
 Ensorcelled Hibernation  Hex/Ice        0%         N/A       43%         2
 Spider Form              Tmut/Pois      0%         N/A       67%         3
 Anguish                  Hex/Necr       0%         N/A       97%         4
 Animate Dead             Necr           0%         N/A       97%         4
 Haunt                    Necr/Summ      0%         N/A       100%        7
 Infestation              Necr           0%         N/A       100%        8


Dungeon Overview and Level Annotations

Branches:
Dungeon (1/1)

Altars:
Cheibriados
Dithmenos
Elyvilon
Fedhas
Gozag
Hepliaklqana
Kikubaaqudgha
Makhleb
Nemelex Xobeh
Okawaru
Qazlal
Ru
Sif Muna
Trog
Uskayaw
Vehumet
Wu Jian
Xom
Yredelemnul
Zin
The Shining One
Jiyva
Lugonu

Shops:
D :


Innate Abilities, Weirdness & Mutations

You are very small and have problems with some larger weapons.
You are too small for most types of armour.
You have supernaturally acute eyesight. (SInv)
You cover ground extremely quickly. (Speed+++)
You have sharp toenails.
You are strong-willed. (Will+)
You are somewhat resistant to further mutation.


Message History

The sticky flame hits you.
You are covered in liquid flames!
You hit the smoke demon. Your kick misses the smoke demon.
The smoke demon is severely wounded.
You are covered in liquid flames!
The smoke demon disappears in a puff of smoke!
The orc priest hits the plant with a +0 mace.
You hit the orc high priest but do no damage.
You claw the orc high priest.
The orc high priest is lightly wounded.
You are covered in liquid flames!
Unknown command.
You hit the orc high priest but do no damage.
Your kick misses the orc high priest.
The orc high priest is lightly wounded.
You are covered in liquid flames!
The orc priest invokes the aid of Beogh against you.
Beogh smites you!
You hit the orc high priest but do no damage.
You claw the orc high priest.
The orc high priest is lightly wounded.
You are covered in liquid flames!
The orc high priest hits you with a +0 flail!
* * * LOW HITPOINT WARNING * * *
You emit a cloud of dark smoke.
You feel better.
You are covered in liquid flames!
A nearby plant withers and dies.
The orc priest miscasts a cantrip.
The orc priest hits you from afar with a +0 trident.
* * * LOW HITPOINT WARNING * * *
Unknown command.
You hit the orc high priest.
The orc high priest is lightly wounded.
You are covered in liquid flames!
* * * LOW HITPOINT WARNING * * *
The orc high priest hits you with a +0 flail!
* * * LOW HITPOINT WARNING * * *
The orc priest hits you with a +0 mace.
You die...

.....~~~...#.......#
≈≈≈≈≈≈≈♣♣P.'..^....#
♣♣♣♣♣♣♣♣♣PP#..^....#
♣♣♣##'########
#...°°≈§≈≈#
#...#○≈§≈≈#
#).)#○#≈≈≈# #####.#
≈§§# #°.PP@# ≈§≈≈
#☼.ooo# ≈§§ #..§o§#
§§ #.☼...# § #+#####


You could see an orc high priest and 3 orc priests.

Vanquished Creatures
  Sigmund (D)
  Erolcha (D)
  A deep elf pyromancer (D)
  2 orc knights (D)
  Edmund (D)
  3 wandering mushrooms (D)
  A shadow (D)
  2 redbacks (D)
  A spatial vortex (D)
  5 orc warriors (D)
  5 two-headed ogres (D)
  A necrophage (D)
  A water elemental (D)
  3 orc priests (D)
  A jelly (D)
  Jessica (D)
  A wizard (D)
  An orc wizard (D)
  A necromancer (D)
  3 humans (D)
  A kobold demonologist (D)
  A wolf (D)
  7 orcs (D)
  An endoplasm (D)
  A rat (D)
47 creatures vanquished.

Vanquished Creatures (others)
  7 plants (D)
7 creatures vanquished.

Grand Total: 54 creatures vanquished

Notes
Turn   | Place    | Note
-------+----------+-------------------------------------------
     0 | D        | mhtbhm the Spriggan Brigand began the quest for the Orb.
     0 | D        | Reached XP level 1. HP: 10/10 MP: 2/2
    10 | D        | Reached skill level 6 in Stealth
    21 | D        | Noticed Jessica
    26 | D        | Killed Jessica
    27 | D        | Reached skill level 9 in Stealth
    27 | D        | Reached XP level 2. HP: 15/15 MP: 3/3
    40 | D        | Reached skill level 10 in Stealth
    40 | D        | Reached XP level 3. HP: 19/19 MP: 4/4
    64 | D        | Reached skill level 11 in Stealth
   203 | D        | Gained mutation: You have sharp toenails. [potion of
                  | mutation]
   203 | D        | Gained mutation: You are somewhat resistant to further
                  | mutation. [potion of mutation]
   203 | D        | Gained mutation: You are strong-willed. (Will+) [potion of
                  | mutation]
   209 | D        | Noticed a water elemental
   211 | D        | Killed a water elemental
   212 | D        | Reached skill level 13 in Stealth
   212 | D        | Reached XP level 4. HP: 23/23 MP: 5/5
   223 | D        | Found a shadowy altar of Dithmenos.
   223 | D        | Noticed a necrophage
   236 | D        | Killed a necrophage
   237 | D        | Reached skill level 14 in Stealth
   237 | D        | Reached XP level 5. HP: 11/28 MP: 6/6
   418 | D        | Found a basalt altar of Yredelemnul.
   418 | D        | Found a sacrificial altar of Ru.
   420 | D        | Reached skill level 15 in Stealth
   423 | D        | Became a worshipper of Dithmenos the Shadowed
   440 | D        | Found a radiant altar of Vehumet.
   441 | D        | Found a shimmering blue altar of Sif Muna.
   441 | D        | Found an ancient bone altar of Kikubaaqudgha.
   443 | D        | Reached skill level 1 in Invocations
   445 | D        | Reached skill level 5 in Short Blades
   457 | D        | Found a glowing silver altar of Zin.
   458 | D        | Found a glowing golden altar of the Shining One.
   458 | D        | Found a white marble altar of Elyvilon.
   458 | D        | Noticed a deep elf pyromancer
   460 | D        | Killed a deep elf pyromancer
   460 | D        | Reached * piety under Dithmenos
   461 | D        | Reached skill level 5 in Throwing
   461 | D        | Reached skill level 18 in Stealth
   461 | D        | Reached XP level 6. HP: 33/33 MP: 7/10
   461 | D        | Reached XP level 7. HP: 37/37 MP: 7/11
   499 | D        | Found a hide-covered altar of Uskayaw.
   499 | D        | Found an iron altar of Okawaru.
   500 | D        | Found a bloodstained altar of Trog.
   500 | D        | Found an ornate altar of the Wu Jian Council.
   500 | D        | Noticed a human
   500 | D        | Noticed a human
   536 | D        | Killed a human
   537 | D        | Reached skill level 19 in Stealth
   537 | D        | Reached skill level 5 in Invocations
   592 | D        | Killed a human
   662 | D        | Noticed a shadow
   664 | D        | Killed a shadow
   664 | D        | Reached ** piety under Dithmenos
   665 | D        | Reached skill level 20 in Stealth
   665 | D        | Reached XP level 8. HP: 42/42 MP: 13/13
  1007 | D        | Found a blossoming altar of Fedhas.
  1007 | D        | Found a stormy altar of Qazlal.
  1008 | D        | Found a snail-covered altar of Cheibriados.
  1008 | D        | Found a burning altar of Makhleb.
  1008 | D        | Found a hazy altar of Hepliaklqana.
  1008 | D        | Found a shimmering altar of Xom.
  1008 | D        | Found an opulent altar of Gozag.
  1008 | D        | Found a sparkling altar of Nemelex Xobeh.
  1008 | D        | Found a corrupted altar of Lugonu.
  1008 | D        | Found a viscous altar of Jiyva.
  1053 | D        | Reached *** piety under Dithmenos
  1117 | D        | Noticed a two-headed ogre
  1120 | D        | Killed a two-headed ogre
  1121 | D        | Reached skill level 21 in Stealth
  1121 | D        | Reached skill level 1 in Evocations
  1126 | D        | Noticed a two-headed ogre
  1126 | D        | Noticed Erolcha
  1128 | D        | Killed Erolcha
  1129 | D        | Reached skill level 5 in Fighting
  1129 | D        | Reached skill level 22 in Stealth
  1129 | D        | Reached XP level 9. HP: 47/47 MP: 15/15
  1129 | D        | Killed a two-headed ogre
  1129 | D        | Reached **** piety under Dithmenos
  1149 | D        | Reached skill level 23 in Stealth
  1157 | D        | Noticed a wandering mushroom
  1161 | D        | Noticed a wandering mushroom
  1163 | D        | Noticed a wandering mushroom
  1165 | D        | Killed a wandering mushroom
  1170 | D        | Killed a wandering mushroom
  1173 | D        | Killed a wandering mushroom
  1193 | D        | Noticed Sigmund
  1193 | D        | Noticed Edmund
  1195 | D        | Killed Edmund
  1196 | D        | Reached skill level 24 in Stealth
  1196 | D        | Killed Sigmund
  1196 | D        | Reached ***** piety under Dithmenos
  1197 | D        | Reached skill level 10 in Short Blades
  1197 | D        | Reached skill level 25 in Stealth
  1197 | D        | Reached skill level 10 in Invocations
  1197 | D        | Reached XP level 10. HP: 49/53 MP: 12/18
  1247 | D        | Noticed an orc knight
  1247 | D        | Noticed an orc knight
  1256 | D        | Killed an orc knight
  1256 | D        | Reached ****** piety under Dithmenos
  1256 | D        | Killed an orc knight
  1257 | D        | Reached skill level 10 in Throwing
  1257 | D        | Reached skill level 26 in Stealth
  1356 | D        | Found Moze's Book Emporium.
  1477 | D        | Noticed a smoke demon
  1509 | D        | Slain by an orc priest

Illustrated notes

Levels and vault maps discovered:
D:        dungeon_sprint_mu [sprint_mu_entry_cave, sprint_mu_temple_rooms,
          sprint_mu_d1_spiders, sprint_mu_d2_genie, sprint_mu_d3_branching,
          sprint_mu_orc_legion, sprint_mu_elf_gauntlet, sprint_mu_hive_nellie,
          sprint_mu_lair_fedhas, sprint_mu_vaults_butterflies,
          sprint_mu_slime_circle, sprint_mu_swamp_cave, sprint_mu_shoals_archi,
          sprint_mu_blade_basic, sprint_mu_crypt_fortress,
          sprint_mu_tomb_spiral, sprint_mu_vestibule_basic,
          sprint_mu_gehenna_hellfire, sprint_mu_dis_giant,
          sprint_mu_tartarus_statrot, sprint_mu_cocytus_islands, sprint_mu_zot1]

Skill      XL: |  1  2  3  4  5  6  7  8  9 10 |
---------------+-------------------------------+-----
Stealth        | 9 10 13 14 18 20 22 25 26 | 26.5
Fighting       | 2 3 4 5 6 |  6.3
Short Blades   | 3 4 6 7 8 10 11 | 11.4
Throwing       | 3 4 5 6 8 9 10 | 10.1
Dodging        | 2 3 4 |  4.1
Invocations    | 4 6 7 10 | 10.9
Evocations     | 1 3 4 |  4.1

Action                   |  1- 3 |  4- 6 |  7- 9 | 10-12 || total
-------------------------+-------+-------+-------+-------++-------
Melee: Dagger            |    10 |    16 |    38 |    27 ||    91
       Kick              |       |     5 |     9 |    20 ||    34
       Punch             |       |     1 |     1 |       ||     2
Throw: Dart              |     7 |       |    12 |     3 ||    22
Invok: Shadow Step       |       |       |     2 |     1 ||     3
Evoke: Phial of floods   |       |       |     1 |     1 ||     2
  Use: Potion            |     1 |       |     1 |     3 ||     5
       Scroll            |       |       |     2 |     3 ||     5
 Stab: Sleeping          |     5 |     4 |    12 |       ||    21
       Distracted        |       |       |     1 |       ||     1
Armor: Robe              |       |       |     1 |     1 ||     2
Dodge: Dodged            |     2 |     5 |    16 |    17 ||    40

Table legend: (Time is in decaauts)
 A = Elapsed time spent in this place.
 B = Non-inter-level travel time spent in this place.
 C = Inter-level travel time spent in this place.
 D = Time resting spent in this place.
 E = Time spent auto-exploring this place.
 F = Levels seen in this place.
 G = Mean time per level.
                   A        B        C        D        E       F      G
               +--------+--------+--------+--------+--------+-----+--------+
         Total |   1230 |   1230 |      0 |    707 |     42 |   1 | 1230.0 |
       Dungeon |   1230 |   1230 |      0 |    707 |     42 |   1 | 1230.0 |
               +--------+--------+--------+--------+--------+-----+--------+

Top non-repeatable levels by time:
       D: 1230 daAuts
